 Dungeon Crawl Stone Soup version 0.18-b1-2-gd0c887e (webtiles) character file.

58 Inkary the Poker (level 3, -1/31 HPs)
             Began as a Centaur Fighter on Apr 28, 2016.
             Slain by a gnoll
             ... wielding a +0 halberd
              (12 damage)
             ... on level 2 of the Dungeon.
             The game lasted 00:05:35 (1284 turns).

Inkary the Poker (Centaur Fighter)                  Turns: 1284, Time: 00:05:35

Health: -1/31      AC:  9    Str: 18    XL:     3   Next: 75%
Magic:  5/5        EV:  5    Int:  9    God:
Gold:   88         SH:  8    Dex:  9    Spells: 0 memorised, 4 levels left

rFire  . . .     SeeInvis .     a - +0 trident
rCold  . . .     Gourm    .     b - +0 scale mail
rNeg   . . .     Faith    .     c - +0 shield
rPois  +         Spirit   .     (no helmet)
rElec  .         Dismiss  .     j - +2 cloak {rPois}
rCorr  .         Reflect  .     (no gloves)
SustAt .         Harm     .     (no barding)
MR     .....                    (no amulet)
Stlth  ..........               (no ring)
                                (no ring)

@: very quick, not resistant to hostile enchantments, extremely unstealthy
A: hooves 3, clever 1, deformed body, speed 2, tough skin 3
a: no special abilities


You were on level 2 of the Dungeon.
You were not hungry.

You visited 1 branch of the dungeon, and saw 2 of its levels.

You collected 88 gold pieces.

Inventory:

Hand Weapons
 a - a +0 trident (weapon)
Armour
 b - a +0 scale mail (worn)
 c - a +0 shield (worn)
 j - a +2 cloak of poison resistance (worn)
Scrolls
 e - a scroll of immolation {unknown}
 h - a scroll of enchant weapon {unknown}
 i - 2 scrolls of fog {unknown}
 k - a scroll of teleportation {unknown}
 n - a scroll of remove curse {unknown}
Potions
 d - a potion of might
Comestibles
 f - a bread ration
 g - 2 slices of pizza
 l - 3 chunks of flesh


   Skills:
 - Level 3.0 Fighting
 + Level 3.1 Polearms
 - Level 2.1 Armour
 - Level 2.1 Shields
 + Level 1.4 Spellcasting


You had 4 spell levels left.
You didn't know any spells.

Dungeon Overview and Level Annotations

Branches:
Dungeon (2/15)

Altars:


Innate Abilities, Weirdness & Mutations

You have hooves in place of feet.
Armour fits poorly on your strangely shaped body.
You cover ground very quickly.
You have extremely tough skin (AC +3).
Your mind is acute. (Int +2)


Message History

You block the gnoll's attack.
You are too injured to fight recklessly!
The gnoll hits you from afar with a spear.
* * * LOW HITPOINT WARNING * * *
You block the worm's attack.
Some of the chunks of flesh in your inventory have rotted away.
You start resting.
You are too injured to fight recklessly!
You are too injured to fight recklessly!
You are too injured to fight recklessly!
You are too injured to fight recklessly!
Drink which item? (? for menu, Esc to quit)
It was a potion of beneficial mutation.
You feel clever.
You feel fantastic! The gnoll hits you but does no damage.
You are too injured to fight recklessly!
You see here a dagger.
You start resting.
The gnoll hits you from afar with a halberd!
You die...

###### #.#.#....#.######......##.
#.#.#.......# #.#..####.
#.#.######..# #.#..#####
########.#g######..#####.#.......
...........................######
#.....##.#.######w.#####........#
#.....##.#.# #g.# #........#
#..........######..# #.........
####............@..# #........#
...........######..# #........#
.....).....######..# ##.......#
..........[........# #########
..........#######..# ..........#
# #..# ######## ..........#
#.#..# #....... ..........
#.#..#######....... ..........
#..................


You could see a worm and a gnoll.

Vanquished Creatures
  A gnoll (D:2)
  2 worms (D:2)
  2 dart slugs
  2 giant geckos (D:2)
  2 giant cockroaches
  3 goblins (D:2)
  2 hobgoblins
  4 jackals (D:2)
  6 kobolds
  3 bats (D:1)
  A giant newt (D:2)
  7 rats
35 creatures vanquished.

Notes
Turn   | Place    | Note
--------------------------------------------------------------
     0 | D:1      | Inkary the Centaur Fighter began the quest for the Orb.
     0 | D:1      | Reached XP level 1. HP: 19/19 MP: 1/1
   229 | D:1      | Reached XP level 2. HP: 21/26 MP: 2/2
   782 | D:2      | Reached skill level 1 in Spellcasting
   813 | D:2      | Reached XP level 3. HP: 28/31 MP: 4/4
  1257 | D:2      | Gained mutation: Your mind is acute. (Int +2) [potion of beneficial mutation]
  1284 | D:2      | Slain by a gnoll

Skill      XL: |  1  2  3 |
---------------+----------+-----
Polearms       | 2 3 |  3.1
Spellcasting   | 1 |  1.4
Fighting       | |  3.0
Armour         | |  2.1
Shields        | |  2.1

Action                   || total
-------------------------++-------
Melee: Trident           ||   128
       Kick              ||    24
  Use: Potion            ||     1
Armor: Scale mail        ||    53
Dodge: Dodged            ||    19
Block: Shield            ||    32
